 Dungeon Crawl Stone Soup version 0.31-a0-1612-g4aaf141004 (webtiles) character file.

Game seed: 10142962807234646816

49507 dialectric the Bludgeoner (level 14, -9/123 HPs)
             Began as a Minotaur Fighter on Jan 9, 2024.
             Was the Champion of Hepliaklqana.
             Splashed by a goliath frog's acid (10 damage)
             ... on level 5 of the Lair of Beasts.
             The game lasted 00:28:56 (19997 turns).

dialectric the Bludgeoner (Minotaur Fighter)       Turns: 19997, Time: 00:28:57

Health: -9/123     AC: 27    Str: 29    XL:     14   Next: 16%
Magic:  17/17      EV: 13    Int: 10    God:    Hepliaklqana [******]
Gold:   861        SH:  0    Dex: 13    Spells: 13/13 levels left

rFire   + . .        h - +1 whip (elec)
rCold   . . .        (no shield)
rNeg    . . .        v - +5 chain mail "Azixtitt" {rF+ Int+5}
rPois   .            (helmet restricted)
rElec   .            L - +0 cloak
rCorr   .            (no gloves)
SInv    .            W - +2 pair of boots
Will    +....        S - amulet of the acrobat Stlth
                     s - +4 ring of protection
HPRegen 0.40/turn    V - +6 ring of strength
MPRegen 0.15/turn

%: acrobat
@: no status effects
A: reduced essence, horns 2, retaliatory headbutt
a: Renounce Religion, Recall Ancestor, Ancestor Identity, Transference, Idealise


You were on level 5 of the Lair of Beasts.
You worshipped Hepliaklqana.
Hepliaklqana was exalted by your worship.
You visited 3 branches of the dungeon, and saw 20 of its levels.
You also visited: Ossuary.

You collected 1452 gold pieces.
You spent 591 gold pieces at shops.

Inventory:

Hand Weapons
 f - the +9 sling of Optimality {heavy, Int+3 Dex-3 Stlth+}
   (You found it on level 6 of the Dungeon)

   Int+3:     It affects your intelligence (+3).
   Dex-3:     It affects your dexterity (-3).
   Stlth+:    It makes you more stealthy.
 h - a +1 whip of electrocution (weapon)
 y - a +2 trident of draining
Missiles
 E - 90 stones
Armour
 c - a +0 buckler
 v - the +5 chain mail "Azixtitt" (worn) {rF+ Int+5}
   (You found it on level 5 of the Dungeon)

   Int+5:     It affects your intelligence (+5).
   rF+:       It protects you from fire.
 C - an orb of guile
 D - a +3 scale mail of cold resistance
 L - a +0 cloak (worn)
 M - a +0 kite shield
 W - a +2 pair of boots (worn)
Jewellery
 s - a +4 ring of protection (left hand)
 K - a ring of protection from cold
 R - a ring of willpower
 S - an amulet of the acrobat (around neck)
 V - a +6 ring of strength (right hand)
Wands
 t - a wand of charming (32)
 F - a wand of iceblast (35)
 T - a wand of digging (7)
Scrolls
 a - a scroll of revelation
 j - 4 scrolls of noise
 m - 7 scrolls of teleportation
 n - a scroll of amnesia {unknown}
 o - 5 scrolls of vulnerability
 u - 3 scrolls of enchant armour
 w - 2 scrolls of fear {unknown}
 x - 2 scrolls of poison
 G - 2 scrolls of immolation
 J - a scroll of brand weapon {unknown}
 N - 3 scrolls of torment
 O - a scroll of enchant weapon
 P - a scroll of silence {unknown}
Potions
 d - 5 potions of might
 e - 7 potions of brilliance
 g - 2 potions of heal wounds
 i - 2 potions of mutation
 k - 5 potions of attraction
 p - a potion of magic
 r - a potion of lignification
 z - 3 potions of resistance
 A - 7 potions of curing
 B - 3 potions of invisibility
 H - 3 potions of berserk rage
 I - 3 potions of haste
 Q - 2 potions of enlightenment
 U - a potion of cancellation


   Skills:
 * Level 16.1 Fighting
 + Level 16.6 Maces & Flails
 + Level 14.0 Armour
 + Level 8.9 Dodging
 + Level 7.1 Shields
 + Level 6.2 Invocations


You had 13 spell levels left.
You didn't know any spells.
Your spell library contained the following spells:

 Spells                   Type           Power      Damage    Failure   Level
 Freeze                   Ice            0%         1d3       73%         1
 Kiss of Death            Conj/Necr      0%         2d5       73%         1
 Magic Dart               Conj           0%         1d3       73%         1
 Necrotise                Necr           0%         1d4       73%         1
 Sandblast                Erth           0%         2d4       73%         1
 Summon Small Mammal      Summ           0%         N/A       73%         1
 Blink                    Tloc           0%         N/A       86%         2
 Lesser Beckoning         Tloc           0%         N/A       86%         2
 Mercury Vapours          Alch/Air       0%         N/A       86%         2
 Momentum Strike          Conj/Tloc      0%         3d8       86%         2
 Searing Ray              Conj           0%         2d4       86%         2
 Call Canine Familiar     Summ           0%         N/A       97%         3
 Confusing Touch          Hex            0%         N/A       97%         3
 Frozen Ramparts          Ice            0%         1d1       97%         3
 Gell's Gravitas          Tloc           0%         N/A       97%         3
 Hailstorm                Conj/Ice       0%         3d5       97%         3
 Ozocubu's Armour         Ice            0%         N/A       97%         3
 Passwall                 Erth           0%         N/A       97%         3
 Stone Arrow              Conj/Erth      0%         3d7       97%         3
 Summon Ice Beast         Ice/Summ       0%         N/A       97%         3
 Teleport Other           Tloc           0%         N/A       97%         3
 Vampiric Draining        Necr           0%         2d6       97%         3
 Brom's Barrelling Bould  Conj/Erth      0%         2d3       100%        4
 Dispel Undead            Necr           0%         3d6       100%        4
 Fulminant Prism          Conj/Alch      0%         3d5       100%        4
 Leda's Liquefaction      Alch/Erth      0%         N/A       100%        4
 Martyr's Knell           Necr/Summ      0%         N/A       100%        4
 Olgreb's Toxic Radiance  Alch           0%         N/A       100%        4
 Petrify                  Alch/Erth      0%         N/A       100%        4
 Summon Blazeheart Golem  Fire/Summ      0%         N/A       100%        4
 Alistair's Intoxication  Alch           0%         N/A       100%        5
 Borgnjor's Vile Clutch   Necr/Erth      0%         N/A       100%        5
 Curse of Agony           Necr           0%         N/A       100%        5
 Metabolic Englaciation   Hex/Ice        0%         N/A       100%        5
 Eringya's Noxious Bog    Alch           0%         4d6       100%        6
 Sculpt Simulacrum        Ice/Alch       0%         N/A       100%        6
 Chain Lightning          Conj/Air       0%         N/A       100%        9
 Fire Storm               Conj/Fire      0%         5d1       100%        9
 Polar Vortex             Ice            0%         N/A       100%        9
 Shatter                  Erth           0%         3d5*      100%        9


Dungeon Overview and Level Annotations

Branches:
Dungeon (13/15)            Temple (0/1) D:4            Lair (5/5) D:10
 Shoals (0/4) Lair:3       Spider (0/4) Lair:2          Orc (2/2) D:10
    Elf (0/3) Orc:2        Vaults (0/5) D:13        Ossuary (visited)
  Slime: Lair:4-5

Altars:
Fedhas
Gozag
Hepliaklqana
Uskayaw
Xom

Shops:
D:4 [   D:7 ((*[(   D:9 *   D:10 ?   Orc:2 !

Annotations:
D:7 3 runed translucent doors, dragonking145's ghost, novice FoFi
Lair:4 2 transporters, exclusion: oklob plant, Gadrel's ghost, journeyman DsWn
Orc:2 2 transporters, Newt's ghost, adept MfGl


Innate Abilities, Weirdness & Mutations

Your life essence is reduced to manifest your ancestor. (-10% HP)
You have a pair of horns on your head.
You reflexively headbutt those who attack you in melee.


Message History

The cane toad stings you but does no damage.
Unknown command.
You closely miss the wyvern. You headbutt the wyvern.
You kill the wyvern!
Ingwe hits the cane toad with a +0 dagger of draining.
The cane toad dies!
Unknown command.
You closely miss the cane toad. The cane toad stings you!
* * * LOW HITPOINT WARNING * * *
Ingwe hits the cane toad with a +0 dagger of draining!
Unknown command.
You hit the cane toad.
Lightning courses through the cane toad!!
The cane toad is almost dead.
Ingwe closely misses the cane toad.
Unknown command.
You whack the cane toad!
You kill the cane toad!
Ingwe hits the goliath frog but does no damage.
Ingwe drains the goliath frog.
Unknown command.
The goliath frog hits you from afar!
* * * LOW HITPOINT WARNING * * *
You are splashed with acid!
* * * LOW HITPOINT WARNING * * *
Ingwe hits the goliath frog with a +0 dagger of draining!
Ingwe misses the goliath frog.
The goliath frog hits Ingwe!
Ingwe is splashed with acid.
Ingwe barely misses the goliath frog.
Ingwe closely misses the goliath frog.
The goliath frog completely misses you.
Unknown command.
You hit the goliath frog. Your headbutt misses the goliath frog.
The goliath frog is moderately wounded.
Ingwe hits the goliath frog with a +0 dagger of draining.
You miss the goliath frog.
The goliath frog is heavily wounded.
The goliath frog hits you!
* * * LOW HITPOINT WARNING * * *
You are splashed with acid!
You die...

#..♣~.~~..~.♣..............
...~.~..~~.~....#P.......~.
..~.~~~.~...~.♣.#P......#~.
#...~.~..~~.~.~..PP......#
#...~...~.~~~.~♣.........#
##..~.~~~.~...~....P...#..
#P..~.~.~~.[~.~...P.##.#
#.♣.~.(.~.~~~F~....#..
#....~.~~..~R†@.......
#....~..~~.~.........
#.#....(~~..~.†...#....
#......♣..♣♣♣.........P
##.....................
#.......<..............
##.....................
#........†............
##..........†........


You could see the friendly Ingwe the hexer and a goliath frog (drained, ally
target).

Vanquished Creatures
  Nessos (D:13)
  2 hydras
  An ogre mage (D:10)
  A centaur warrior (D:10)
  A boulder beetle (D:13)
  A death knight (D:13)
  5 two-headed ogres
  A skyshark (Lair:3)
  2 deep elf pyromancers (D:12)
  2 manticores
  3 cyclopes (D:13)
  An orc sorcerer (Orc:2)
  2 ugly things
  8 elephants (Lair:2)
  A kobold blastminer (Orc:2)
  3 black mambas
  An orange demon (Orc:1)
  Joseph (D:10)
  2 gargoyles
  9 cane toads
  An unseen horror (D:11)
  A kobold demonologist (D:13)
  3 komodo dragons (Lair:3)
  A yaktaur (D:10)
  A rime drake (Lair:2)
  6 trolls
  A polar bear (Lair:2)
  A hornet (D:11)
  5 dream sheep (Lair:4)
  17 blink frogs
  2 slime creatures (D:12)
  2 shadows
  A vampire (D:13)
  2 wraiths
  23 yaks
  3 wyverns
  A fire bat (Orc:1)
  2 steam dragons
  3 basilisks
  A warg (Orc:1)
  12 vampire mosquitoes
  Menkaure (D:6)
  Duvessa (D:6)
  An acid dragon (D:8)
  A hell hound (Orc:1)
  12 water moccasins
  8 orc warriors
  A laughing skull (D:13)
  An ice beast (D:7)
  2 ogres
  4 wolves
  3 centaurs
  11 bullfrogs
  2 elf zombies (Ossuary)
  2 gnoll sergeants (D:9)
  3 scorpions
  Dowan (D:6)
  4 killer bees (D:7)
  2 howler monkeys
  2 electric eels (D:8)
  2 hexers
  A lava snake (D:11)
  2 centaur zombies (Ossuary)
  A jelly (D:4)
  A bombardier beetle (D:5)
  4 hounds
  14 orc priests
  A human zombie (Ossuary)
  3 sleepcaps
  A gnoll bouda (D:5)
  An iguana (D:7)
  15 orc wizards
  A hound zombie (Ossuary)
  2 mummies (Ossuary)
  Robin (D:3)
  17 gnolls
  8 adders
  2 white imps
  3 ufetubi (D:6)
  4 adder zombies (Ossuary)
  A dart slug (D:2)
  A ribbon worm (D:3)
  46 orcs
  4 ball pythons
  10 bats
  6 endoplasms
  2 giant cockroaches
  6 gnoll zombies (Ossuary)
  10 hobgoblins
  6 jackals
  2 quokkas
  4 frilled lizards
  7 goblins
  4 jackal zombies (Ossuary)
  5 kobolds
  4 kobold zombies (Ossuary)
  5 orc zombies (Ossuary)
  6 rats
412 creatures vanquished.

Vanquished Creatures (collateral kills)
  3 hydras
  A centaur warrior (D:13)
  A cyclops (D:12)
  An elephant (Lair:2)
  A slime creature (D:12)
  2 cane toads
  Jeremiah (D:6)
  A rime drake (Lair:4)
  A hornet (D:6)
  2 trolls
  3 blink frogs
  A raiju (Orc:1)
  6 yaks
  A warg (Orc:2)
  3 basilisks
  A water moccasin (Lair:4)
  An orc warrior (Orc:1)
  A laughing skull (D:13)
  2 wolves (Lair:3)
  A bullfrog (Lair:1)
  A gnoll sergeant (D:13)
  2 scorpions
  2 killer bees (D:7)
  A bombardier beetle (D:5)
  A howler monkey (D:5)
  2 electric eels
  3 hounds
  A gnoll bouda (D:9)
  2 orc priests
  2 human zombies (Ossuary)
  2 iguanas
  Ijyb (D:4)
  4 orc wizards
  A hound zombie (Ossuary)
  2 gnolls
  An adder (D:6)
  2 ufetubi (D:6)
  2 adder zombies (Ossuary)
  5 orcs
  A ball python (D:3)
  A giant cockroach (D:3)
  3 hobgoblins (D:4)
  2 gnoll zombies (Ossuary)
  A goblin (D:4)
  A jackal zombie (Ossuary)
  A kobold (D:4)
  3 butterflies (Lair:1)
84 creatures vanquished.

Vanquished Creatures (others)
  An unseen horror (D:13)
  7 hexers
8 creatures vanquished.

Grand Total: 504 creatures vanquished

Notes
Turn   | Place    | Note
-------+----------+-------------------------------------------
     0 | D:1      | dialectric the Minotaur Fighter began the quest for the
                  | Orb.
     0 | D:1      | Reached XP level 1. HP: 19/19 MP: 0/0
   173 | D:1      | Reached XP level 2. HP: 27/27 MP: 1/1
   612 | D:1      | Reached skill level 1 in Dodging
   617 | D:1      | You fall into a shaft and drop 1 floor!
   681 | D:2      | Reached XP level 3. HP: 23/33 MP: 2/2
   742 | D:2      | Found a faded altar of an unknown god.
   755 | D:2      | Prayed at the altar of an unknown god.
   755 | D:2      | Became a worshipper of Hepliaklqana the Forgotten
   755 | D:2      | Reached * piety under Hepliaklqana
  1132 | D:3      | Reached XP level 4. HP: 36/36 MP: 3/3
  1312 | D:3      | Reached ** piety under Hepliaklqana
  1313 | D:3      | Remembered your ancestor Ingwe as a hexer
  1839 | D:4      | Reached XP level 5. HP: 34/42 MP: 4/4
  2288 | D:4      | Found a staircase to the Ecumenical Temple.
  2353 | D:4      | Reached skill level 5 in Fighting
  2353 | D:4      | Reached skill level 5 in Armour
  2416 | D:4      | Reached *** piety under Hepliaklqana
  2602 | D:4      | Found Rekaeqy's Antique Armour Boutique.
  2620 | D:4      | Noticed Robin
  2649 | D:3      | Reached skill level 5 in Maces & Flails
  2649 | D:3      | Killed Robin
  2684 | D:4      | Noticed Ijyb
  2716 | D:4      | Killed Ijyb
  2717 | D:4      | Reached XP level 6. HP: 37/50 MP: 5/5
  3075 | D:5      | Entered Level 5 of the Dungeon
  3075 | D:5      | Found an opulent altar of Gozag.
  3274 | D:5      | Identified the +5 chain mail "Azixtitt" {rF+ Int+5}
  3311 | D:5      | Reached XP level 7. HP: 55/55 MP: 6/6
  3776 | D:6      | Noticed a hornet
  3789 | D:6      | Killed a hornet
  3790 | D:6      | Reached XP level 8. HP: 41/63 MP: 7/7
  3796 | D:6      | Found a sand-covered staircase.
  3805 | Ossuary  | Entered an ossuary
  4192 | Ossuary  | Identified the +3 shortbow of the Water Diviner {flame,
                  | +Blink rF+}
  4479 | D:6      | Noticed Jeremiah
  4524 | D:6      | Killed Jeremiah
  4527 | D:6      | Noticed Duvessa
  4529 | D:6      | Noticed Dowan
  4535 | D:6      | Killed Dowan
  4547 | D:6      | Killed Duvessa
  4685 | D:6      | Noticed a manticore
  4692 | D:6      | Killed a manticore
  4693 | D:6      | Reached skill level 10 in Maces & Flails
  4693 | D:6      | Reached XP level 9. HP: 59/72 MP: 8/8
  4780 | D:6      | Identified the +9 sling of Optimality {heavy, Int+3 Dex-3
                  | Stlth+}
  5091 | D:6      | Reached **** piety under Hepliaklqana
  5160 | D:6      | Noticed Menkaure
  5165 | D:6      | Killed Menkaure
  5580 | D:7      | Found Zoegoos's Antique Armour Emporium.
  5856 | D:7      | Noticed dragonking145's ghost (novice FoFi)
  5953 | D:7      | Found Doynaipozy's Antique Weapon Emporium.
  6126 | D:7      | Found Aneujybilu's Antique Weapon Emporium.
  6130 | D:7      | Found Galesh's Weapon Emporium.
  6351 | D:7      | Found a runed translucent gate.
  6353 | D:7      | Found a runed translucent gate.
  6354 | D:7      | Found a runed translucent gate.
  6372 | D:7      | Found Giocvuy's Assorted Antiques.
  6380 | D:7      | Bought a scroll labelled GAAGGI CUMPI for 27 gold pieces
  7572 | D:8      | Reached ***** piety under Hepliaklqana
  7579 | D:8      | Reached XP level 10. HP: 82/82 MP: 9/9
  7762 | D:8      | Found a blossoming altar of Fedhas.
  7918 | D:9      | Noticed a two-headed ogre
  7931 | D:9      | Killed a two-headed ogre
  7932 | D:9      | Reached skill level 10 in Fighting
  7932 | D:9      | Reached skill level 1 in Invocations
  8453 | D:9      | Noticed a two-headed ogre
  8468 | D:9      | Killed a two-headed ogre
  8502 | D:9      | Found Qegefrig's Neck Hole.
  8677 | D:10     | Entered Level 10 of the Dungeon
  8677 | D:10     | Found a staircase to the Orcish Mines.
  8680 | D:10     | Noticed Joseph
  8694 | D:10     | Killed Joseph
  8695 | D:10     | Reached skill level 10 in Armour
  8831 | D:10     | Found Iggaent's Magic Scroll Emporium.
  8837 | D:10     | Bought a scroll of teleportation for 42 gold pieces
  8837 | D:10     | Bought a scroll of teleportation for 42 gold pieces
  8956 | D:10     | Found a staircase to the Lair.
  9225 | D:10     | Reached XP level 11. HP: 58/91 MP: 12/12
  9383 | D:10     | Found a hide-covered altar of Uskayaw.
  9698 | D:10     | Noticed an ogre mage
  9698 | D:10     | Noticed a centaur warrior
  9718 | D:10     | Killed an ogre mage
  9735 | D:10     | Killed a centaur warrior
 10612 | D:11     | Noticed a red ugly thing
 10624 | D:11     | Killed a red ugly thing
 11200 | D:12     | Noticed a two-headed ogre
 11207 | D:12     | Noticed a two-headed ogre
 11211 | D:12     | Killed a two-headed ogre
 11224 | D:12     | Killed a two-headed ogre
 11247 | D:12     | Noticed a deep elf pyromancer
 11256 | D:12     | Killed a deep elf pyromancer
 11367 | D:12     | Reached XP level 12. HP: 101/103 MP: 14/14
 11543 | D:12     | Reached skill level 5 in Dodging
 11592 | D:12     | Reached ****** piety under Hepliaklqana
 11786 | D:12     | Got Kerumef's Essays on the Glacial Cucurbite
 12049 | D:13     | Reached skill level 15 in Maces & Flails
 12098 | D:13     | Noticed Nessos
 12113 | D:13     | Killed Nessos
 12298 | D:13     | Noticed a boulder beetle
 12326 | D:13     | Killed a boulder beetle
 12717 | D:13     | Noticed a tengu warrior
 12718 | D:13     | Noticed an ironbound preserver
 12719 | D:13     | Found a gate to the Vaults.
 12806 | D:13     | Noticed a six-headed hydra
 12807 | D:13     | Noticed a centaur warrior
 12809 | D:13     | Noticed a death knight
 12908 | D:13     | Killed a death knight
 12918 | D:13     | Noticed a centaur warrior
 12930 | D:13     | Killed a centaur warrior
 13218 | Lair:1   | Entered Level 1 of the Lair of Beasts
 13666 | D:9      | Bought an amulet of the acrobat for 480 gold pieces
 13707 | Orc:1    | Entered Level 1 of the Orcish Mines
 13827 | Orc:1    | Found a shimmering altar of Xom.
 14154 | Orc:2    | Entered Level 2 of the Orcish Mines
 14316 | Orc:2    | Found a transporter.
 14324 | Orc:2    | Noticed Newt's ghost (adept MfGl)
 14412 | Orc:2    | Found a staircase to the Elven Halls.
 14444 | Orc:2    | Found a transporter.
 14780 | Orc:2    | Noticed a two-headed ogre
 14787 | Orc:2    | Killed a two-headed ogre
 14802 | Orc:2    | Reached XP level 13. HP: 112/112 MP: 15/15
 14872 | Orc:2    | Found Humiuniq's Distillery.
 14896 | Orc:2    | Paralysed by an orc sorcerer for 3 turns
 15304 | Lair:1   | Reached skill level 5 in Shields
 16030 | Lair:2   | Reached skill level 5 in Invocations
 16212 | Lair:2   | Reached skill level 15 in Fighting
 16673 | Lair:2   | Found a hole to the Spider Nest.
 17215 | Lair:3   | Found a staircase to the Shoals.
 18305 | Lair:4   | Found a transporter.
 18323 | Lair:4   | Found a transporter.
 18323 | Lair:4   | Noticed Gadrel's ghost (journeyman DsWn)
 19377 | Lair:5   | Entered Level 5 of the Lair of Beasts
 19383 | Lair:5   | Reached XP level 14. HP: 117/122 MP: 17/17
 19997 | Lair:5   | HP: 1/123 [goliath frog (13)]
 19997 | Lair:5   | Splashed by a goliath frog's acid

Illustrated notes

Levels and vault maps discovered:
D:1:      minmay_arrival_wavy_path, layout_basic
D:2:      layout_rooms, hellmonk_ecumenical_altar_run_dry
D:3:      layout_basic, minmay_fountain_box
D:4:      layout_layer_cave, minmay_temple_entry_mini_moons, serial_shops, shop,
          nicolae_goblin_pals
D:5:      layout_rooms, mainiacjoe_overflow_boulevard
D:6:      minmay_opposing_rooms, layout_basic,
          mainiacjoe_ossuary_entry_dusty_tomb, roderic_lattice_a, uniq_menkaure,
          uniq_jeremiah, uniq_duvessa
D:7:      layout_cave_pods, gammafunk_ghost_icy, serial_shops, shop, shop,
          nicolae_diamond_shop, shop, nicolae_shop_gibbet_a_chance,
          hangedman_abyss_or_decor_jellyfish_corner
D:8:      layout_cave_pods, kennysheep_mini_moat, serial_bayou,
          serial_bayou_lagoon_a, serial_bayou_crossing, serial_bayou_pond_a,
          serial_bayou_shore_a
D:9:      layout_rooms, nrook_mini_vaults, serial_park_tiny_2,
          eino_small_chamber_without_monster, nicolae_shop_sticking_my_neck_out
D:10:     layout_gridville, lemuel_round_altar, erik_lair_dragon, orc_0_dummy,
          serial_shops, shop, grunt_tough_drop, uniq_joseph
D:11:     nicolae_cairo_tiling, layout_irregular_city,
          kennysheep_cluttered_room, grunt_ministairs_6, hangedman_decor_points
D:12:     layout_irregular_city
D:13:     layout_irregular_city, skrybe_vaults_entry_preservation, uniq_nessos
Lair:1:   layout_cave_pods, lemuel_fruit_fields
Lair:2:   layout_cellular_growth, spider_nest_entry_web_field,
          serial_bayou_ford_a, wad_woods_river_03
Lair:3:   layout_loops_ring, minmay_shoals_entry_centaurs, lemuel_fruit_tree
Lair:4:   layout_roguey, gammafunk_ghost_arena
Lair:5:   minmay_lair_end_frog_pond, layout_gridlike, slime_entry_2,
          nicolae_quartered_pool_little
Orc:1:    layout_caves, serial_shops, shop, regret_index_xom_of_box
Orc:2:    st_orc_elflike, layout_diamond_mine, basic_altar,
          gammafunk_ghost_stat_death

Skill      XL: |  1  2  3  4  5  6  7  8  9 10 11 12 13 14 |
---------------+-------------------------------------------+-----
Dodging        | 1 2 4 7 8 |  8.9
Fighting       | 4 5 6 8 9 11 13 14 15 16 | 16.1
Armour         | 4 5 6 8 9 10 11 13 14 | 14.0
Maces & Flails | 3 4 5 6 7 10 12 13 14 15 16 | 16.6
Invocations    | 3 4 6 |  6.2
Shields        | 4 6 7 |  7.1

Action                     |  1- 3 |  4- 6 |  7- 9 | 10-12 | 13-15 || total
---------------------------+-------+-------+-------+-------+-------++-------
  Melee: Flail             |    38 |       |       |       |       ||    38
         Headbutt          |     9 |    18 |    65 |   162 |   119 ||   373
         Whip              |    39 |   104 |   312 |   681 |   447 ||  1583
         Punch             |       |       |     1 |     5 |     8 ||    14
   Fire: Sling             |       |       |     6 |       |       ||     6
  Throw: Javelin           |       |       |       |       |     2 ||     2
 Invoke: Ancestor Life: He |       |     1 |       |       |       ||     1
         Recall Ancestor   |       |       |       |     1 |       ||     1
  Evoke: Wand              |       |       |       |     5 |       ||     5
    Use: Potion            |       |       |     1 |     2 |       ||     3
         Scroll            |       |       |     6 |     9 |     8 ||    23
   Stab: Confused          |       |     9 |     4 |     7 |     5 ||    25
         Distracted        |       |       |     3 |     4 |    11 ||    18
 Armour: Scale mail        |    54 |    86 |       |       |       ||   140
         Chain mail        |       |     5 |   174 |   437 |   332 ||   948
  Dodge: Dodged            |    59 |    56 |   113 |   253 |   319 ||   800

Table legend: (Time is in decaauts)
 A = Elapsed time spent in this place.
 B = Non-inter-level travel time spent in this place.
 C = Inter-level travel time spent in this place.
 D = Time resting spent in this place.
 E = Time spent auto-exploring this place.
 F = Levels seen in this place.
 G = Mean time per level.
                   A        B        C        D        E       F      G
               +--------+--------+--------+--------+--------+-----+--------+
         Total |  19401 |  18197 |   1204 |    714 |  13807 |  21 |  923.9 |
       Dungeon |  12902 |  12011 |    891 |    279 |   9397 |  13 |  992.5 |
          Lair |   4866 |   4559 |    307 |    328 |   3402 |   5 |  973.2 |
  Orcish Mines |   1210 |   1205 |      5 |      7 |    849 |   2 |  605.0 |
       Ossuary |    422 |    422 |      0 |    100 |    159 |   1 |  422.0 |
               +--------+--------+--------+--------+--------+-----+--------+

Top non-repeatable levels by time:
    D:10: 1689 daAuts
  Lair:4: 1482 daAuts
     D:6: 1464 daAuts
  Lair:2: 1330 daAuts
     D:4: 1233 daAuts
    D:11: 1184 daAuts
  Lair:1: 1092 daAuts
     D:8: 1047 daAuts
     D:7: 1043 daAuts
     D:3: 938 daAuts
    D:13: 929 daAuts
    D:12: 889 daAuts
  Lair:3: 818 daAuts
     D:9: 779 daAuts
   Orc:2: 753 daAuts
